Map: Dusk Towers

Players

Wardí

  • Race: Terran Terran
  • League: Master

Zervas - Winner!

  • Race: Zerg Zerg
  • League: Master

Event: DreamHack ZOWIE Open Leipzig

VOD

Have the link to the VOD?

Description

Time

  • Played on: Jan. 22, 2016, 8:20 a.m.
  • Length: 9:16

All games in this series

Show
View Real Time Build Order
Export as new Build Order

Wardí Terran 

Build Orders: Liberator Opening, Reaper Expand, MMM Bio 

Get SALT Encoding   

  12  0:00  SCV  
  13  0:13  SCV  
  14  0:17  Supply Depot  
  14  0:25  SCV  
  15  0:39  SCV  
  15  0:40  Barracks  
  16  0:46  Refinery  
  16  0:52  SCV  
  17  1:04  SCV  
  18  1:16  SCV  
  19  1:30  Reaper, Orbital Command  
  20  1:45  Command Center  
  20  1:54  Supply Depot  
  20  1:56  SCV  
  21  2:03  Barracks Reactor  
  21  2:08  SCV  
  22  2:20  SCV  
  23  2:25  Factory  
  23  2:28  Refinery  
  23  2:32  SCV  
  24  2:42  Marine x2  
  26  2:44  SCV  
  27  2:56  SCV, Orbital Command  
  28  3:01  Marine x2  
  30  3:08  Factory Tech Lab, SCV  
  30  3:09  Starport  
  31  3:20  SCV, Marine x2  
  31  3:23  SCV  
  34  3:28  Siege Tank  
  34  3:32  SCV  
  38  3:35  SCV  
  38  3:36  Liberator  
  39  3:44  Marine x2  
  39  3:45  SCV  
  39  3:47  SCV  
  43  3:50  Supply Depot  
  46  4:04  Command Center  
  46  4:11  Supply Depot, SCV x2  
  50  4:23  SCV  
  49  4:26  Factory Reactor  
  49  4:27  SCV  
  49  4:28  Barracks  
  49  4:30  Barracks  
  50  4:32  Stimpack, Marine  
  50  4:36  SCV  
  52  4:42  SCV, Medivac  
  55  4:47  Supply Depot  
  55  4:48  SCV  
  55  4:49  Supply Depot  
  55  4:50  Engineering Bay  
  56  4:53  Engineering Bay  
  56  4:54  SCV  
  56  4:55  Marine  
  58  5:00  SCV  
  58  5:07  SCV, Refinery  
  60  5:12  Factory Tech Lab, SCV  
  61  5:21  SCV  
  61  5:23  Orbital Command  
  61  5:24  Terran Infantry Weapons Level 1, Terran Infantry Armor Level 1  
  61  5:28  SCV, Refinery  
  63  5:29  Marine x2  
  63  5:33  SCV  
  66  5:36  Barracks  
  66  5:38  Barracks  
  66  5:40  SCV  
  66  5:41  Marine x2  
  69  5:45  SCV  
  69  5:47  Marine  
  69  5:48  SCV  
  72  5:51  Marine x2  
  72  5:52  SCV  
  75  5:57  Siege Tank, Starport Reactor  
  75  5:58  SCV, Marine  
  81  6:05  Orbital Command  
  80  6:12  Supply Depot  
  80  6:13  Supply Depot  
  80  6:14  SCV  
  80  6:15  SCV  
  82  6:29  Marine x3  
  82  6:30  Barracks Reactor x2, Marine x2  
  82  6:31  Siege Tank  
  90  6:33  Combat Shields  
  90  6:37  SCV  
  90  6:38  SCV x2  
  92  6:47  Marine x2  
  92  6:48  Medivac x2  
  92  6:50  SCV x3  
  92  6:51  Armory  
  100  7:02  SCV x3  
  100  7:06  Marine x6  
  100  7:07  Marine x2  
  109  7:09  Siege Tank, Marine  
  106  7:18  Supply Depot  
  106  7:19  Medivac  
  106  7:21  Supply Depot  
  108  7:24  SCV  
  109  7:36  Refinery x2  
  109  7:38  Command Center  
  109  7:40  SCV, Medivac, Marine x5  
  109  7:42  Marine x4  
  109  7:43  SCV x2  
  123  7:55  SCV, Factory  
  123  7:56  Supply Depot x2  
  123  7:57  Marine  
  125  8:05  Barracks  
  125  8:06  Barracks  
  125  8:13  Supply Depot  
  125  8:17  Supply Depot, Siege Tank, Marine  
  129  8:32  Marine x7  
Show
View Real Time Build Order
Export as new Build Order

Zervas Zerg - Winner!

Build Orders: Hatch First 

Get SALT Encoding   

  12  0:01  Drone  
  13  0:13  Overlord  
  13  0:17  Drone  
  14  0:32  Drone x2  
  14  0:35  Drone  
  17  0:53  Hatchery  
  17  0:56  Drone  
  17  0:57  Drone  
  18  1:11  Extractor  
  17  1:14  Spawning Pool  
  17  1:16  Drone  
  17  1:19  Drone  
  18  1:28  Drone  
  19  1:39  Drone  
  20  1:49  Overlord  
  20  2:01  Queen  
  20  2:05  Queen, Zergling x2  
  20  2:06  Zergling x2  
  26  2:10  Metabolic Boost  
  26  2:14  Zergling x2  
  27  2:20  Drone  
  28  2:24  Drone  
  28  2:28  Drone  
  30  2:32  Drone  
  31  2:40  Hatchery  
  30  2:46  Queen  
  30  2:51  Overlord  
  32  2:53  Drone  
  32  2:55  Drone  
  32  2:57  Drone  
  35  3:00  Drone  
  36  3:09  Drone  
  37  3:13  Drone x3  
  37  3:15  Drone x2  
  37  3:16  Drone  
  43  3:25  Overlord  
  43  3:30  Drone  
  44  3:39  Roach Warren, Drone  
  44  3:41  Overlord  
  44  3:42  Queen  
  44  3:44  Drone x2  
  48  3:49  Extractor  
  47  3:55  Queen  
  47  3:57  Drone  
  47  3:58  Overlord  
  47  4:01  Drone x4  
  54  4:04  Drone  
  54  4:05  Drone  
  54  4:06  Extractor  
  54  4:09  Drone  
  57  4:10  Drone  
  57  4:14  Overlord  
  57  4:15  Drone  
  58  4:21  Drone  
  58  4:22  Drone  
  60  4:25  Drone  
  60  4:27  Evolution Chamber x2  
  60  4:30  Drone x2  
  60  4:31  Drone x2  
  63  4:35  Roach  
  65  4:39  Roach x2  
  65  4:41  Roach  
  65  4:43  Overlord  
  71  4:49  Lair  
  71  4:51  Drone x2  
  71  4:52  Extractor  
  72  4:54  Spore Crawler  
  72  4:55  Drone  
  72  4:57  Ravager  
  72  4:59  Spore Crawler  
  74  5:00  Ravager x2  
  74  5:01  Drone x2  
  76  5:10  Drone x2  
  76  5:11  Drone  
  76  5:12  Drone x3  
  82  5:21  Overlord  
  82  5:25  Drone, Extractor  
  82  5:26  Overlord, Extractor  
  82  5:27  Spore Crawler  
  80  5:36  Ravager  
  80  5:37  Zerg Missile Weapons Level 1, Zerg Ground Armor Level 1  
  80  5:39  Drone x2  
  80  5:40  Drone  
  84  5:43  Hatchery, Drone x3  
  84  5:47  Roach x2  
  90  5:51  Drone  
  90  5:52  Drone x3  
  90  5:55  Glial Reconstitution  
  94  6:01  Infestation Pit  
  93  6:07  Roach x2  
  93  6:08  Overlord  
  93  6:10  Overseer  
  97  6:12  Overlord, Drone  
  98  6:19  Overlord  
  98  6:20  Pneumatized Carapace  
  98  6:23  Overlord  
  98  6:30  Roach x7  
  112  6:33  Drone  
  112  6:34  Drone  
  112  6:39  Overlord x2  
  114  6:41  Overlord  
  114  6:42  Overlord  
  114  6:48  Overlord  
  114  6:49  Overlord  
  114  6:51  Queen  
  114  6:54  Pathogen Glands, Extractor  
  114  7:05  Roach  
  114  7:06  Roach x6  
  128  7:11  Overseer  
  128  7:16  Drone  
  128  7:17  Drone x4  
  128  7:21  Overlord  
  135  7:23  Roach x4  
  135  7:26  Infestor  
  135  7:27  Infestor  
  145  7:30  Infestor  
  145  7:34  Infestor  
  151  7:37  Ravager x3  
  151  7:39  Roach x2  
  151  7:41  Extractor  
  155  7:44  Roach x3  
  155  7:48  Roach x4  
  155  7:50  Roach x3  
  167  7:52  Overlord  
  167  8:04  Ravager x3  
  167  8:05  Ravager  
  171  8:08  Hatchery  
  166  8:15  Spine Crawler  
  166  8:19  Spore Crawler, Roach x2  
  168  8:20  Roach  
  168  8:25  Overlord  
  170  8:28  Overlord  
  170  8:38  Roach  
  170  8:39  Roach x5  

Tags
 
Add a new tag
Caveats
  • Supply blocks, unpowered buildings, or Contaminate may cause inaccurate times.
  • Supply counts are checked every 10 seconds.